 Dungeon Crawl Stone Soup version 0.26-a0-612-gd4d190f45e (webtiles) character file.

Game seed: 11069399038669642682

1642 Gargoyl the Skirmisher (level 8, -7/66 (67) HPs)
             Began as a Gnoll Abyssal Knight on Sept 9, 2020.
             Was a Priest of Lugonu.
             Mangled by Menkaure (12 damage)
             ... on level 5 of the Dungeon.
             The game lasted 00:08:06 (4871 turns).

Gargoyl the Skirmisher (Gnoll Abyssal Knight)       Turns: 4871, Time: 00:08:06

HP:   -7/66 (67)    AC: 12    Str: 17    XL:     8   Next: 99%
MP:   13/13         EV:  9    Int: 15    God:    Lugonu [***...]
Gold: 242           SH:  0    Dex: 14    Spells: 14/14 levels left

rFire    + . .     SeeInvis .   m - +2 halberd (vamp)
rCold    . . .     Faith    .   (shield currently unavailable)
rNeg     . . .     Spirit   .   p - +0 chain mail (curse)
rPois    .         Reflect  .   (no helmet)
rElec    .         Harm     .   y - +0 cloak
rCorr    .                      c - +0 pair of gloves
MR       .....                  (no boots)
Stlth    ..........             (no amulet)
HPRegen  0.21/turn              f - ring of protection from fire
MPRegen  0.13/turn              (no ring)

@: no status effects
A: distributed training, fangs 1, strong nose
a: Depart the Abyss, Bend Space, Banish, Renounce Religion


You were on level 5 of the Dungeon.
You worshipped Lugonu.
Lugonu was most pleased with you.
You visited 1 branch of the dungeon, and saw 5 of its levels.
You visited the Abyss 1 time.

You collected 242 gold pieces.

Inventory:

Hand Weapons
 a - a +1 hand axe
 m - a +2 vampiric halberd (weapon)
Missiles
 b - 7 javelins (quivered)
 o - 21 boomerangs
Armour
 c - a +0 pair of gloves (worn)
 p - a cursed +0 chain mail (worn)
 y - a +0 cloak (worn)
Jewellery
 d - a +4 ring of evasion {unknown}
 f - a ring of protection from fire (left hand)
 z - a +6 ring of intelligence {unknown}
Wands
 k - a wand of acid (7)
 r - a wand of iceblast (11)
Scrolls
 h - 6 scrolls of identify
 l - 3 scrolls of remove curse
 t - 2 scrolls of enchant weapon {unknown}
 v - 2 scrolls of teleportation
 x - a scroll of fear {unknown}
Potions
 e - 2 potions of cancellation {unknown}
 g - 5 potions of curing {unknown}
 i - 2 potions of invisibility {unknown}
 j - a potion of resistance {unknown}
 n - a potion of mutation {unknown}
 q - 4 potions of might {unknown}
 s - 2 potions of lignification
 u - 2 potions of degeneration {unknown}
 w - a potion of heal wounds {unknown}
 A - a potion of berserk rage {unknown}


   Skills:
 + Level 7.6 Fighting
 + Level 3.7 Short Blades
 + Level 3.7 Long Blades
 + Level 6.0 Axes
 + Level 3.7 Maces & Flails
 + Level 3.7 Polearms
 + Level 3.7 Staves
 + Level 3.7 Slings
 + Level 3.7 Bows
 + Level 3.7 Crossbows
 + Level 3.7 Throwing
 + Level 6.0 Armour
 + Level 4.6 Dodging
 + Level 3.7 Stealth
 + Level 3.7 Shields
 + Level 3.7 Unarmed Combat
 + Level 3.7 Spellcasting
 + Level 3.1 Conjurations
 + Level 3.1 Hexes
 + Level 3.1 Summonings
 + Level 3.1 Necromancy
 + Level 3.1 Translocations
 + Level 3.1 Transmutations
 + Level 3.1 Fire Magic
 + Level 3.1 Ice Magic
 + Level 3.1 Air Magic
 + Level 3.1 Earth Magic
 + Level 3.1 Poison Magic
 + Level 6.2 Invocations
 + Level 3.7 Evocations


You had 14 spell levels left.
You didn't know any spells.
Your spell library was empty.

Dungeon Overview and Level Annotations

Branches:
Dungeon (5/15)
 Temple: D:4-7

Altars:
Ashenzari
Dithmenos
Elyvilon
Ru

Annotations:
D:5 Menkaure


Innate Abilities, Weirdness & Mutations

Your experience applies equally to all skills.
You have very sharp teeth.
Your uncanny sense of smell can sniff out nearby items.


Message History

Menkaure seems to speed up.
Found 13 gold pieces.
Menkaure calls on the powers of darkness!
Your body is wracked with pain!
You slash Menkaure!
Menkaure is severely damaged.
Menkaure calls on the powers of darkness!
Your body is wracked with pain!
* * * LOW HITPOINT WARNING * * *
Menkaure closely misses you.
You hit Menkaure.
Menkaure is severely damaged.
Menkaure gestures at you while chanting.
Pain shoots through your body!
* * * LOW HITPOINT WARNING * * *
Menkaure hits you but does no damage.
You barely miss Menkaure.
Menkaure is severely damaged.
Menkaure hits you!
You die...

#.###.#§#§###
#.#.§§._§§§.# .#
....#§#§#§#.# .#
.....#§§§##.# .#
...####§#§..# .#
#.## #....## .#
#.# ####.# $# #.#
#.#########.####.#
#.#
#.....M@.........#
..#
###.........######
### #.#########
#.# #.# #.# ..#
###


You could see Menkaure (fast).

Vanquished Creatures
  A glowing orange brain (Abyss:1)
  Edmund (D:5)
  The ghost of UristMcRaven the Ducker, an amateur GnMo of Okawaru (D:3)
  A phantom (D:5)
  A necrophage (D:4)
  An ice beast (D:5)
  2 ogres (D:4)
  A scorpion (D:5)
  2 orc priests
  2 hounds
  An orc wizard (D:4)
  Natasha (twice) (D:2)
  2 worker ants (D:4)
  A hound skeleton (D:4)
  8 adders
  3 gnolls
  A shadow imp (D:4)
  An ufetubus (Abyss:1)
  An adder zombie (D:5)
  5 worms
  3 dart slugs
  4 leopard geckos
  21 orcs
  12 bats
  5 giant cockroaches
  5 goblins
  10 hobgoblins
  6 jackals
  5 kobolds
  4 quokkas
  4 ball pythons
  9 frilled lizards
  A jackal skeleton (D:4)
  6 rats
133 creatures vanquished.

Vanquished Creatures (others)
  4 starspawn tentacles (Abyss:1)
4 creatures vanquished.

Grand Total: 137 creatures vanquished

Notes
Turn   | Place    | Note
-------+----------+-------------------------------------------
     0 | Abyss:1  | Gargoyl the Gnoll Abyssal Knight began the quest for the
                  | Orb.
     0 | Abyss:1  | Reached XP level 1. HP: 23/23 MP: 3/3
    53 | Abyss:1  | Noticed a glowing orange brain
   112 | Abyss:1  | Killed a glowing orange brain
   112 | Abyss:1  | Reached skill level 5 in Axes
   112 | Abyss:1  | Reached skill level 5 in Armour
   112 | Abyss:1  | Reached skill level 1 in Conjurations
   112 | Abyss:1  | Reached skill level 1 in Hexes
   112 | Abyss:1  | Reached skill level 1 in Summonings
   112 | Abyss:1  | Reached skill level 1 in Necromancy
   112 | Abyss:1  | Reached skill level 1 in Translocations
   112 | Abyss:1  | Reached skill level 1 in Transmutations
   112 | Abyss:1  | Reached skill level 1 in Fire Magic
   112 | Abyss:1  | Reached skill level 1 in Ice Magic
   112 | Abyss:1  | Reached skill level 1 in Air Magic
   112 | Abyss:1  | Reached skill level 1 in Earth Magic
   112 | Abyss:1  | Reached skill level 1 in Poison Magic
   112 | Abyss:1  | Reached skill level 5 in Invocations
   112 | Abyss:1  | Reached XP level 2. HP: 29/29 MP: 3/5
   112 | Abyss:1  | Reached XP level 3. HP: 35/35 MP: 3/6
   112 | Abyss:1  | Reached XP level 4. HP: 41/41 MP: 3/7
   112 | Abyss:1  | Reached XP level 5. HP: 47/47 MP: 3/8
   112 | Abyss:1  | Reached XP level 6. HP: 53/53 MP: 3/9
   112 | Abyss:1  | Reached XP level 7. HP: 59/59 MP: 3/10
   134 | Abyss:1  | Noticed a tentacled starspawn
   175 | Abyss:1  | Noticed a rust devil
   210 | Abyss:1  | Noticed a tentacled starspawn
   236 | D:1      | Escaped the Abyss
   602 | D:1      | Reached * piety under Lugonu
  1063 | D:2      | Reached skill level 7 in Fighting
  1091 | D:2      | Found a shattered altar of Ashenzari.
  1402 | D:2      | Found a sacrificial altar of Ru.
  1428 | D:2      | Reached ** piety under Lugonu
  1434 | D:2      | Noticed Natasha
  1449 | D:2      | Killed Natasha
  1694 | D:2      | Found a faded altar of an unknown god.
  2096 | D:2      | Noticed Natasha
  2099 | D:2      | Killed Natasha
  2708 | D:3      | Found a runed translucent door.
  2730 | D:3      | Found a shattered altar of Ashenzari.
  2911 | D:3      | Reached *** piety under Lugonu
  2972 | D:3      | Noticed UristMcRaven's ghost (amateur GnMo)
  3307 | D:3      | Killed UristMcRaven's ghost
  3574 | D:4      | Reached XP level 8. HP: 34/67 MP: 12/12
  3867 | D:4      | Found a white marble altar of Elyvilon.
  4593 | D:5      | Entered Level 5 of the Dungeon
  4823 | D:5      | Found a shadowy altar of Dithmenos.
  4824 | D:5      | Noticed Edmund
  4831 | D:5      | Killed Edmund
  4861 | D:5      | Noticed Menkaure
  4871 | D:5      | Mangled by Menkaure

Illustrated notes

Levels and vault maps discovered:
D:1:      nagdon_arrival_double_spiral, layout_loops_ring
D:2:      layout_loops_cross, overflow_temple_1_default,
          chequers_ecumenical_altar_simple, minivault_4, grunt_decor_arrowhead,
          nicolae_ru_sacrificial_ziggurat, uniq_natasha
D:3:      layout_basic, ebering_ghost_reflecting_pool,
          cheibrodos_ashenzari_chains
D:4:      layout_basic, nicolae_overflow_crystal_walls, minmay_fractal_squares_5
D:5:      layout_loops_ring, grunt_dithmenos_smoke_and_mirrors,
          lemuel_round_altar, uniq_blork_the_orc, uniq_edmund, uniq_menkaure,
          uniq_ijyb

Skill      XL: |  1  2  3  4  5  6  7  8 |
---------------+-------------------------+-----
Short Blades   | 2 3 |  3.7
Long Blades    | 2 3 |  3.7
Axes           | 5 6 |  6.0
Maces & Flails | 2 3 |  3.7
Polearms       | 2 3 |  3.7
Staves         | 2 3 |  3.7
Slings         | 2 3 |  3.7
Bows           | 2 3 |  3.7
Crossbows      | 2 3 |  3.7
Throwing       | 2 3 |  3.7
Armour         | 5 6 |  6.0
Dodging        | 3 4 |  4.6
Stealth        | 2 3 |  3.7
Shields        | 2 3 |  3.7
Unarmed Combat | 2 3 |  3.7
Spellcasting   | 2 3 |  3.7
Conjurations   | 1 2 3 |  3.1
Hexes          | 1 2 3 |  3.1
Summonings     | 1 2 3 |  3.1
Necromancy     | 1 2 3 |  3.1
Translocations | 1 2 3 |  3.1
Transmutations | 1 2 3 |  3.1
Fire Magic     | 1 2 3 |  3.1
Ice Magic      | 1 2 3 |  3.1
Air Magic      | 1 2 3 |  3.1
Earth Magic    | 1 2 3 |  3.1
Poison Magic   | 1 2 3 |  3.1
Invocations    | 5 6 |  6.2
Evocations     | 2 3 |  3.7
Fighting       | 7 |  7.6

Action                   |  1- 3 |  4- 6 |  7- 9 || total
-------------------------+-------+-------+-------++-------
Melee: Hand axe          |    26 |       |   170 ||   196
       Bite              |     3 |       |    47 ||    50
       Halberd           |       |       |   288 ||   288
       Punch             |       |       |     4 ||     4
Invok: Depart the Abyss  |       |       |     1 ||     1
  Use: Scroll            |       |       |     6 ||     6
       Potion            |       |       |     1 ||     1
 Stab: Sleeping          |       |       |     2 ||     2
Armor: Chain mail        |       |       |   162 ||   162
       Ring mail         |       |       |    60 ||    60
       Leather armour    |       |       |    15 ||    15
       Skin              |       |       |     9 ||     9
Dodge: Dodged            |       |       |   337 ||   337

Table legend: (Time is in decaauts)
 A = Elapsed time spent in this place.
 B = Non-inter-level travel time spent in this place.
 C = Inter-level travel time spent in this place.
 D = Time resting spent in this place.
 E = Time spent auto-exploring this place.
 F = Levels seen in this place.
 G = Mean time per level.
                   A        B        C        D        E       F      G
               +--------+--------+--------+--------+--------+-----+--------+
         Total |   4985 |   4819 |    166 |    782 |   2637 |   6 |  830.8 |
       Dungeon |   4747 |   4581 |    166 |    782 |   2553 |   5 |  949.4 |
         Abyss |    238 |    238 |      0 |      0 |     84 |   1 |  238.0 |
               +--------+--------+--------+--------+--------+-----+--------+

Top non-repeatable levels by time:
     D:3: 1252 daAuts
     D:2: 1217 daAuts
     D:4: 1109 daAuts
     D:1: 872 daAuts
     D:5: 294 daAuts
 Abyss:1: 238 daAuts
